 Dungeon Sprint DCSS version 0.20-a0-1058-g0491fde (webtiles) character file.

7952 lordofpotatos the Unseen (level 11, -3/73 HPs)
             Began as a Felid Monk on Apr 26, 2017.
             Was the Champion of Dithmenos.
             Killed by drain life
             ... invoked by a soul eater
             ... summoned by an orc high priest
              (8 damage)
             ... in the Dungeon (Sprint V: "Ziggurat Sprint").
             The game lasted 00:20:30 (1171 turns).

lordofpotatos the Unseen (Felid Monk)               Turns: 1171, Time: 00:20:31

Health: -3/73      AC:  2    Str: 13    XL:     11   Next: 3%
Magic:  16/16      EV: 36    Int: 15    God:    Dithmenos [******]
Gold:   0          SH:  0    Dex: 23    Spells: 10/10 levels left
                                        Lives:  0   Deaths: 2

rFire    . . .     SeeInvis +     - Unarmed
rCold    . . .     Gourm    .   (shield unavailable)
rNeg     . . .     Faith    .   (armour unavailable)
rPois    .         Spirit   .   (helmet unavailable)
rElec    .         Reflect  .   (cloak unavailable)
rCorr    .         Harm     .   (gloves unavailable)
MR       +....     NoTele   +   (boots unavailable)
Stlth    ++++++++++             o - amulet of regeneration
Regen    0.7/turn               f - ring of Beogh's Approval {Str+6 Stlth+}
MPRegen  0.2/turn               i - ring of stealth

@: slowed, wreathed by umbra, drained, slow
A: no armour, no weapons or thrown items, stealth, claws 1, fangs 3, see
invisible, carnivore 3, clever 2, speed 1, robust 2, shaggy fur 2, slow
metabolism 1, translucent skin 1, jelly sensing items, jelly absorbing missiles,
sharp paws
a: Shadow Step, Shadow Form, Renounce Religion


You were in the Dungeon.
You worshipped Dithmenos.
Dithmenos was exalted by your worship.
You were not hungry.

You visited 1 branch

Inventory:

Jewellery
 f - the ring of Beogh's Approval (left paw) {Str+6 Stlth+}
   (You found it in the Dungeon)

   [ring of stealth]

   It affects your strength (+6).
   It makes you more stealthy.
 i - a ring of stealth (right paw)
 o - an amulet of regeneration (around neck)
 u - a +6 ring of dexterity
Scrolls
 s - 5 scrolls of remove curse
 t - 2 scrolls of fear
Potions
 b - 7 potions of curing
 c - 3 potions of heal wounds
 d - 3 potions of haste
 e - 6 potions of magic
 h - 2 potions of brilliance
 j - 4 potions of resistance
 l - 4 potions of agility
 m - a potion of might
Comestibles
 a - 5 meat rations
 g - 3 royal jellies


   Skills:
 + Level 15.2(15.0) Fighting
 + Level 19.0(18.8) Dodging
 + Level 20.1(19.9) Stealth
 + Level 15.1(14.9) Unarmed Combat
 + Level 6.4(6.2) Invocations


You had 10 spell levels left.
You didn't know any spells.

Dungeon Overview and Level Annotations

Branches:
Dungeon (1/1)

Altars:
Ashenzari
Cheibriados
Dithmenos
Elyvilon
Fedhas
Gozag
Hepliaklqana
Kikubaaqudgha
Makhleb
Nemelex Xobeh
Okawaru
Qazlal
Ru
Sif Muna
Trog
Uskayaw
Vehumet
Wu Jian
Xom
Yredelemnul
Zin
The Shining One
Beogh
Jiyva
Lugonu

Annotations:
D 2 transporters


Innate Abilities, Weirdness & Mutations

You cannot wear armour.
You are incapable of wielding weapons or throwing items.
Your paws allow you to move quietly. (Stealth)
You have sharp claws.
You have razor-sharp teeth.
You have supernaturally acute eyesight. (SInv)
You are carnivorous and can eat meat at any time.
You cover ground quickly.
You are covered in thick fur. (AC +2)
You have a slow metabolism.
Your sharp claws are effective at attacking unaware monsters.
Your mind is very acute. (Int +4)
You are very robust. (+20% HP)
Your translucent skin slightly reduces your foes' accuracy. (Stealth)
You have a small jelly attached to you that senses nearby items.
You have a small jelly attached to you that may absorb incoming projectiles.


Message History

The orc high priest invokes the aid of Beogh against you.
Beogh smites you!
* * * LOW HITPOINT WARNING * * *
You claw the troll!
You kill the troll!
Dithmenos accepts your kill.
Your base Dodging skill increases to level 19!
The soul eater draws from the surrounding life force!
* * * LOW HITPOINT WARNING * * *
You mangle the ogre mage!!
The ogre mage is moderately wounded.
Your shadow hits the ogre mage. The ogre mage misses you.
The orc high priest completely misses you.
You claw the ogre mage! You claw the ogre mage.
The ogre mage is heavily wounded.
Your shadow hits the ogre mage. The ogre mage casts a spell at you.
You feel yourself slow down.
The soul eater draws from the surrounding life force!
You die...

▓▓▓▓▓▓▓▓▓▓▓▓▓▓▓
.8©8....▓▓.8©8.▓.8©8.▓.8
:)}})|..▓▓.}|?.▓.}:".▓..
):|):...▓▓..)..▓.....▓.)
▓...........▓▓.....▓.†††.▓..
▓........o.§▓▓.....▓.....▓.†
........o.o▓▓.....▓.....▓..
.......o3O▓▓.....▓.....▓▓▓ ▓
▓....h▓§@▓▓▓▓▓▓▓▓▓▓▓▓▓▓▓▓ ▓.
▓▓...▓▓▓§▓..8©8...▓..8©8.
▓..▓.....▓§§▓..||:...▓..))).
▓.........†.▓...)....▓..).).
▓▓▓▓▓▓▓▓▓▓▓▓▓........▓......
▓....8©8....▓.)......▓......
▓..)}|[}[[..▓.▓.)..▓.▓.▓....
▓...::.)|=..▓..(.....▓......
▓...........▓▓▓▓▓▓▓▓▓▓▓▓▓▓▓▓


You could see an orc knight, a soul eater, an orc high priest, an ogre mage, an
orc warrior and an orc wizard.

Vanquished Creatures
  A starcursed mass (D)
  3 death oozes (D)
  3 dancing weapons (D)
  A deep elf knight (D)
  2 skeletal warriors (D)
  2 deep elf magi (D)
  A cyclops (D)
  A worldbinder (D)
  5 draconians (D)
  2 eyes of devastation (D)
  A naga mage (D)
  A black mamba (D)
  4 merfolk (D)
  A freezing wraith (D)
  A jumping spider (D)
  2 trolls (D)
  7 slime creatures (D)
  A tarantella (D)
  An air elemental (D)
  4 golden eyes (D)
  A large abomination (D)
  3 nagas (D)
  A soldier ant (shapeshifter) (D)
  2 wargs (D)
  3 water moccasins (D)
  2 floating eyes (D)
  An orc warrior (D)
  2 eyes of draining (D)
  A gnoll sergeant (D)
  An earth elemental (D)
  A scorpion (D)
  7 jellies (D)
  A quasit (D)
  3 orc priests (D)
  2 iron imps (D)
  3 orc wizards (D)
  4 adders (D)
  2 white imps (D)
  4 oozes (D)
  An ufetubus (D)
  An adder zombie (D)
  An adder skeleton (D)
  An orc (D)
  A bat skeleton (D)
  4 ball pythons (D)
  A leopard gecko skeleton (D)
  A quokka skeleton (D)
99 creatures vanquished.

Notes
Turn   | Place    | Note
-------+----------+-------------------------------------------
     0 | D        | lordofpotatos the Felid Monk began the quest for the Orb.
     0 | D        | Reached XP level 1. HP: 10/10 MP: 2/2
     0 | D        | Found a blossoming altar of Fedhas.
     1 | D        | Found a viscous altar of Jiyva.
     1 | D        | Found an ancient bone altar of Kikubaaqudgha.
     1 | D        | Found a hazy altar of Hepliaklqana.
     1 | D        | Found a corrupted altar of Lugonu.
     1 | D        | Found an opulent altar of Gozag.
     1 | D        | Found a burning altar of Makhleb.
     6 | D        | Found a deep blue altar of Sif Muna.
     6 | D        | Found a bloodstained altar of Trog.
     6 | D        | Found a sacrificial altar of Ru.
     6 | D        | Found a stormy altar of Qazlal.
     6 | D        | Found an iron altar of Okawaru.
     7 | D        | Found a sparkling altar of Nemelex Xobeh.
   115 | D        | Became a worshipper of Jiyva Jugimipp the Shapeless
   115 | D        | Reached * piety under Jiyva
   115 | D        | Reached ** piety under Jiyva
   116 | D        | Reached skill level 6 in Stealth
   116 | D        | Reached XP level 2. HP: 15/15 MP: 3/3
   118 | D        | Reached *** piety under Jiyva
   118 | D        | Gained mutation: You have an increased reservoir of magic. (+10% MP) [Jiyva's grace]
   118 | D        | Reached **** piety under Jiyva
   118 | D        | Lost mutation: You have an increased reservoir of magic. (+10% MP) [Jiyva's grace]
   118 | D        | Reached ***** piety under Jiyva
   118 | D        | Gained mutation: You have acidic saliva. [Jiyva's grace]
   120 | D        | Gained mutation: You are resistant to hostile enchantments. (MR+) [Jiyva's grace]
   120 | D        | Lost mutation: You have acidic saliva. [Jiyva's grace]
   120 | D        | Reached ****** piety under Jiyva
   120 | D        | Lost mutation: You are resistant to hostile enchantments. (MR+) [Jiyva's grace]
   121 | D        | Gained mutation: Your body has grown golden eyes which may confuse attackers. (Acc +3) [Jiyva's grace]
   122 | D        | Gained mutation: You are agile. (Dex +2) [Jiyva's grace]
   122 | D        | Lost mutation: You are agile. (Dex +2) [Jiyva's grace]
   122 | D        | Gained mutation: You have a pair of small horns on your head. [Jiyva's grace]
   124 | D        | Lost mutation: You have a pair of small horns on your head. [Jiyva's grace]
   126 | D        | Gained mutation: Your muscles are strong. (Str +2) [Jiyva's grace]
   127 | D        | Gained mutation: You have a small jelly attached to you that may absorb incoming projectiles. [Jiyva's grace]
   128 | D        | Gained mutation: You are agile. (Dex +2) [Jiyva's grace]
   128 | D        | Gained mutation: You are partially covered in thin metallic scales. (AC +2) [Jiyva's grace]
   130 | D        | Gained mutation: You have a small jelly attached to you that senses nearby items. [Jiyva's grace]
   130 | D        | Lost mutation: You are agile. (Dex +2) [Jiyva's grace]
   130 | D        | Lost mutation: Your muscles are strong. (Str +2) [Jiyva's grace]
   130 | D        | Gained mutation: You tend to lose your temper in combat. [Jiyva's grace]
   131 | D        | Lost mutation: You tend to lose your temper in combat. [Jiyva's power]
   131 | D        | Gained mutation: Your translucent skin slightly reduces your foes' accuracy. (Stealth) [Jiyva's grace]
   131 | D        | Lost mutation: You are partially covered in thin metallic scales. (AC +2) [Jiyva's grace]
   131 | D        | Gained mutation: Your mind is acute. (Int +2) [Jiyva's grace]
   133 | D        | Lost mutation: Your mind is acute. (Int +2) [Jiyva's grace]
   133 | D        | Gained mutation: You are partially covered in slimy green scales. (AC +2) [Jiyva's grace]
   134 | D        | Gained mutation: You are robust. (+10% HP) [Jiyva's grace]
   134 | D        | Lost mutation: You are robust. (+10% HP) [Jiyva's grace]
   134 | D        | Lost mutation: You are partially covered in slimy green scales. (AC +2) [Jiyva's grace]
   134 | D        | Gained mutation: You are robust. (+10% HP) [Jiyva's grace]
   134 | D        | Gained mutation: Your mind is acute. (Int +2) [Jiyva's grace]
   134 | D        | Gained mutation: Your mind is very acute. (Int +4) [Jiyva's grace]
   134 | D        | Gained mutation: You are somewhat resistant to further mutation. [Jiyva's grace]
   134 | D        | Gained mutation: You are very robust. (+20% HP) [Jiyva's grace]
   135 | D        | Lost mutation: You are somewhat resistant to further mutation. [Jiyva's grace]
   136 | D        | Fell from the grace of Jiyva
   138 | D        | Became a worshipper of Dithmenos the Shadowed
   148 | D        | Entered arena 2.
   165 | D        | Entered arena 3.
   165 | D        | Noticed a tarantella
   165 | D        | Noticed a jumping spider
   165 | D        | Noticed a scorpion
   170 | D        | Killed a tarantella
   170 | D        | Reached * piety under Dithmenos
   170 | D        | Reached skill level 8 in Stealth
   170 | D        | Reached XP level 3. HP: 25/25 MP: 4/4
   170 | D        | Reached XP level 4. HP: 28/28 MP: 5/5
   170 | D        | Reached XP level 5. HP: 33/33 MP: 6/6
   172 | D        | Reached skill level 9 in Stealth
   177 | D        | Killed a jumping spider
   177 | D        | Reached skill level 10 in Dodging
   177 | D        | Reached skill level 10 in Stealth
   177 | D        | Gained mutation: You are covered in thick fur. (AC +2) [Felid growth]
   177 | D        | Reached XP level 6. HP: 34/39 MP: 7/7
   185 | D        | Entered arena 4.
   189 | D        | Reached ** piety under Dithmenos
   189 | D        | Reached skill level 11 in Stealth
   189 | D        | Reached XP level 7. HP: 39/44 MP: 8/8
   204 | D        | Entered arena 5.
   204 | D        | Noticed a merfolk
   204 | D        | Noticed a merfolk
   204 | D        | Noticed a merfolk
   204 | D        | Noticed a merfolk
   210 | D        | Killed a merfolk
   210 | D        | Reached *** piety under Dithmenos
   210 | D        | Reached skill level 12 in Stealth
   217 | D        | Killed a merfolk
   217 | D        | Reached XP level 8. HP: 28/50 MP: 9/9
   222 | D        | Killed a merfolk
   222 | D        | Reached skill level 13 in Stealth
   224 | D        | Killed a merfolk
   224 | D        | Reached skill level 10 in Fighting
   224 | D        | Reached skill level 10 in Unarmed Combat
   237 | D        | Entered arena 6.
   237 | D        | Noticed a draconian
   237 | D        | Noticed a draconian
   237 | D        | Noticed a draconian
   237 | D        | Noticed a draconian
   237 | D        | Noticed a draconian
   242 | D        | Killed a draconian
   242 | D        | Reached **** piety under Dithmenos
   242 | D        | Reached skill level 14 in Stealth
   245 | D        | Killed a draconian
   245 | D        | Reached XP level 9. HP: 41/56 MP: 10/10
   247 | D        | Killed a draconian
   247 | D        | Reached skill level 15 in Stealth
   249 | D        | Killed a draconian
   250 | D        | Killed a draconian
   258 | D        | Entered arena 7.
   262 | D        | Reached ***** piety under Dithmenos
   279 | D        | Got the ring of Leydeo {+Blink rC+ rN+ Str+3 Int-5}
   439 | D        | Entered arena 8.
   439 | D        | Noticed a naga mage
   448 | D        | Reached ****** piety under Dithmenos
   451 | D        | Reached skill level 15 in Dodging
   452 | D        | Reached skill level 16 in Stealth
   452 | D        | Reached XP level 10. HP: 63/63 MP: 11/11
   454 | D        | Killed a naga mage
   470 | D        | Entered arena 9.
   470 | D        | Noticed a starcursed mass
   470 | D        | Noticed a worldbinder
   479 | D        | Killed a worldbinder
   481 | D        | Killed a starcursed mass
   481 | D        | Reached skill level 17 in Stealth
   501 | D        | Entered arena 10.
   501 | D        | Noticed a black mamba
   504 | D        | Killed a black mamba
   513 | D        | Lost mutation: Your body has grown golden eyes which may confuse attackers. (Acc +3) [the vengeance of Jiyva]
   514 | D        | Noticed an eye of devastation
   521 | D        | Killed an eye of devastation
   561 | D        | Got the ring of the Wary Wishes {+Blink rPois MR+}
   618 | D        | Entered arena 11.
   618 | D        | Noticed a flail of holy wrath
   618 | D        | Noticed a war axe of chopping
   618 | D        | Noticed a mace of crushing
   618 | D        | Noticed a deep elf knight
   618 | D        | Noticed a deep elf mage
   618 | D        | Noticed a deep elf mage
   631 | D        | Killed a deep elf mage
   634 | D        | Killed a deep elf mage
   635 | D        | Killed a mace of crushing
   635 | D        | Reached skill level 18 in Stealth
   635 | D        | Reached XP level 11. HP: 32/69 MP: 12/12
   639 | D        | Killed a flail of holy wrath
   641 | D        | Demolished by a war axe of chopping
   642 | D        | Reached XP level 10. HP: -14/99 MP: 11/11
   657 | D        | Killed a war axe of chopping
   671 | D        | Killed a deep elf knight
   707 | D        | Entered arena 12.
   707 | D        | Noticed a skeletal warrior
   708 | D        | Noticed a skeletal warrior
   724 | D        | Killed a skeletal warrior
   724 | D        | Reached skill level 1 in Invocations
   729 | D        | Killed a skeletal warrior
   729 | D        | Reached skill level 19 in Stealth
   834 | D        | Entered arena 13.
   834 | D        | Noticed a death ooze
   835 | D        | Noticed an eye of devastation
   868 | D        | Killed a death ooze
   868 | D        | Reached XP level 11. HP: 28/72 MP: 14/14
   886 | D        | Paralysed by a floating eye for 3 turns
   948 | D        | Entered arena 14.
   949 | D        | Noticed a blizzard demon
   952 | D        | Noticed a frost giant
   952 | D        | Noticed an ice dragon
   952 | D        | Noticed a blizzard demon
   952 | D        | Noticed an ice dragon
   960 | D        | Mangled by an ice dragon
   961 | D        | Reached XP level 10. HP: -6/68 MP: 14/14
   961 | D        | Noticed a death ooze
   962 | D        | Noticed a death ooze
   991 | D        | Killed a death ooze
   991 | D        | Reached skill level 5 in Invocations
  1005 | D        | Killed a death ooze
  1016 | D        | Reached skill level 15 in Fighting
  1026 | D        | Reached skill level 20 in Stealth
  1041 | D        | Got the ring of Beogh's Approval {Str+6 Stlth+}
  1125 | D        | Entered arena 16.
  1144 | D        | Reached skill level 15 in Unarmed Combat
  1146 | D        | Noticed an ogre mage
  1146 | D        | Noticed a cyclops
  1146 | D        | Noticed an orc high priest
  1149 | D        | Noticed an orc knight
  1157 | D        | Noticed a soul eater
  1162 | D        | Killed a cyclops
  1162 | D        | Reached XP level 11. HP: 57/73 MP: 16/16
  1171 | D        | Killed from afar by a soul eater

Vault maps used:
D:        sprint_v

Skill      XL: |  1  2  3  4  5  6  7  8  9 10 11 |
---------------+----------------------------------+-----
Fighting       | 4 6 8 9 10 12 15 | 15.2
Dodging        | 6 8 10 12 13 15 18 19 | 19.0
Stealth        | 6 8 10 11 12 14 16 20 | 20.1
Unarmed Combat | 4 6 8 9 10 11 15 | 15.1
Invocations    | 6 4 |  6.4

Action                   |  1- 3 |  4- 6 |  7- 9 | 10-12 || total
-------------------------+-------+-------+-------+-------++-------
Melee: Unarmed           |     8 |     6 |    41 |   235 ||   290
       Bite              |     3 |     1 |    10 |    37 ||    51
       Punch             |       |       |       |    30 ||    30
Invok: Cure Bad Mutation |     1 |       |       |       ||     1
       Renounce Religion |     1 |       |       |       ||     1
       Shadow Form       |       |       |       |     1 ||     1
       Shadow Step       |       |       |       |     4 ||     4
  Use: Potion            |     4 |       |     6 |    16 ||    26
 Stab: Sleeping          |       |     1 |    10 |    15 ||    26
       Invisible         |       |       |     5 |     4 ||     9
       Confused          |       |       |     1 |       ||     1
Armor: Skin              |       |       |       |     1 ||     1
Dodge: Dodged            |    13 |     5 |    26 |   463 ||   507
